cohdb
Replays
Latest Replays
All Replays
Popular Replays
Top Player Replays
Match Explorer
How It Works
Community
CoH3 Stats
Reddit
Sign in to upload your games and track your stats! →
Sign in with Steam
Match 46644164
Unlisted
Match 46644164
Overview
Messages
Build Orders
End
Construct Infanterie Kompanie
Pioneer Squad
Grenadier Squad
Grenadier Squad
Grenadier Squad
Construct Panzergrenadier Kompanie
Selects Breakthrough Battlegroup
Selects Rapid Production
Medical Station
251 Medium Carrier
Pak 40 Anti-tank Gun Team
Panzergrenadier Officer Quarters
Panzergrenadier Squad
Support Elements
Selects Blitzkrieg
StuG III G Assault Gun
MG 42 Machine Gun Team
Nebelwerfer 42 Rocket Launcher Team
StuG III G Assault Gun
Panzergrenadier Squad
Selects Tiger Heavy Tank
GrW 34 Mortar Team
Selects Assault Grenadiers
Selects Breakthrough
Tiger Heavy Tank
StuG III G Assault Gun
Pioneer Squad
Construct Luftwaffe Kompanie
Breakthrough
Jäger Squad
Blitzkrieg
Side Skirts
Breakthrough
Luftwaffe Officer Quarters
MG 42 Bunker
Blitzkrieg
Dumais
MisiaczekUwUPolska
0
0
Comments
sign in to comment!
No comments posted yet!